 Dungeon Crawl Stone Soup version 0.25-a0-253-g6f1b5d974a (webtiles) character file.

Game seed: 16181616553466143256, levelgen mode: deterministic

175 MisterFreud the Slasher (level 5, 0/42 HPs)
             Began as a Human Wanderer on Dec 5, 2019.
             Killed by divine providence
             ... invoked by an orc priest
              (14 damage)
             ... on level 3 of the Dungeon.
             The game lasted 00:03:31 (2958 turns).

MisterFreud the Slasher (Human Wanderer)            Turns: 2958, Time: 00:03:32

Health: 0/42       AC:  5    Str: 13    XL:     5   Next: 85%
Magic:  5/5        EV: 10    Int: 14    God:
Gold:   124        SH:  0    Dex: 11    Spells: 4/4 levels left

rFire    . . .     SeeInvis .   a - +2 falchion
rCold    . . .     Gourm    .   (no shield)
rNeg     . . .     Faith    .   b - +0 ring mail
rPois    .         Spirit   .   (no helmet)
rElec    .         Reflect  .   (no cloak)
rCorr    .         Harm     .   (no gloves)
MR       .....                  (no boots)
Stlth    +.........             (no amulet)
HPRegen  0.14/turn              (no ring)
MPRegen  0.09/turn              (no ring)

@: no status effects
A: no striking features
a: no special abilities


You were on level 3 of the Dungeon.
You were not hungry.

You visited 1 branch of the dungeon, and saw 3 of its levels.

You collected 124 gold pieces.

Inventory:

Hand Weapons
 a - a +2 falchion (weapon)
Missiles
 f - 76 stones (quivered)
 g - 8 boomerangs
 l - 22 arrows
 o - 16 bolts
 r - 6 sling bullets
Armour
 b - a +0 ring mail (worn)
Jewellery
 t - an uncursed ring of wizardry {unknown}
Scrolls
 c - a scroll of teleportation
 h - 2 scrolls of amnesia {unknown}
 i - 4 scrolls of remove curse {unknown}
 k - 6 scrolls of identify {unknown}
 s - a scroll of magic mapping {unknown}
Potions
 e - a potion of brilliance {unknown}
 j - a potion of curing {unknown}
 m - a potion of might {unknown}
 n - a potion of lignification {unknown}
 p - a potion of magic {unknown}
 u - a potion of cancellation {unknown}
Comestibles
 d - 8 rations
 q - 2 chunks of flesh


   Skills:
 - Level 4.0 Fighting
 + Level 5.2 Long Blades
   Level 1.0 Bows
 - Level 1.0 Throwing
 - Level 2.0 Armour
 - Level 1.0 Stealth


You had 4 spell levels left.
You didn't know any spells.
Your spell library contained the following spells:

 Spells                   Type           Power        Failure   Level  Hunger
 Animate Skeleton         Necr           N/A          52%         1    ##.....
 Apportation              Tloc           #.....       52%         1    ##.....
 Confusing Touch          Hex            #.....       52%         1    ##.....
 Summon Small Mammal      Summ           #...         52%         1    ##.....


Dungeon Overview and Level Annotations

Branches:
Dungeon (3/15)

Altars:
Ru

Annotations:
D:3 3 runed translucent doors, FrozenTrovador's ghost, amateur HuNe


Message History

You hit the orc.
The orc is moderately wounded.
The orc priest looks encouraged for a moment.
The orc closely misses you.
You riposte.
You slash the orc!
You kill the orc!
The orc priest hits you.
Items here: $ )) [ †† You hit the orc priest but do no damage.
The orc priest hits you.
You hit the orc priest.
The orc priest is moderately wounded.
The orc priest hits you.
You hit the orc priest but do no damage.
The orc priest is moderately wounded.
The orc priest hits you.
You closely miss the orc priest.
The orc priest is moderately wounded.
The orc priest mumbles some strange prayers to Beogh against you.
Beogh smites you!
You die...

### # # ..# #.#. #.#
# .#>####.###### . .
..##......# #
#.#.##......#. .
#.#.##........ .
#....@o.....#. o
#####.###.....# ...
##.###.# ###### ...
#......# .. ##.#####
.# #.### ########K#
#.#.## #........#
#..#.## #.####...#
##.###.####.##.)...#


You could see an orc priest.

Vanquished Creatures
  An orc wizard (D:3)
  An iguana (D:2)
  4 adders
  An ooze (D:3)
  3 dart slugs
  4 orcs (D:3)
  4 giant cockroaches (D:1)
  15 goblins
  7 hobgoblins
  3 jackals (D:2)
  6 bats
  3 frilled lizards (D:1)
  5 kobolds
  11 rats
68 creatures vanquished.

Notes
Turn   | Place    | Note
-------+----------+-------------------------------------------
     0 | D:1      | MisterFreud the Human Wanderer began the quest for the Orb.
     0 | D:1      | MisterFreud set off with the following items: a +2
                  | falchion, a +0 ring mail, a scroll of teleportation, a
                  | ration
     0 | D:1      | Reached XP level 1. HP: 19/19 MP: 1/1
    22 | D:1      | Reached XP level 2. HP: 24/25 MP: 2/2
    26 | D:1      | Reached skill level 2 in Long Blades
   471 | D:1      | Reached XP level 3. HP: 21/30 MP: 3/3
   781 | D:1      | Reached skill level 3 in Long Blades
  1480 | D:2      | Reached skill level 4 in Long Blades
  1480 | D:2      | Reached XP level 4. HP: 23/37 MP: 4/4
  2246 | D:3      | Reached XP level 5. HP: 16/42 MP: 5/5
  2515 | D:3      | Found a sacrificial altar of Ru.
  2538 | D:3      | Found a runed translucent gate.
  2538 | D:3      | Noticed a big kobold
  2538 | D:3      | Identified the +7 dagger "Ogunn" {drain, rC++}
  2573 | D:3      | Found a runed translucent gate.
  2574 | D:3      | Found a runed translucent gate.
  2576 | D:3      | Noticed FrozenTrovador's ghost (amateur HuNe)
  2576 | D:3      | Noticed a big kobold
  2671 | D:3      | Reached skill level 5 in Long Blades
  2958 | D:3      | Killed from afar by an orc priest

Levels and vault maps discovered:
D:1:      dpeg_arrival_prison, layout_basic, supply_closet_lemuel
D:2:      layout_loops_corners, serial_glass, glass_columns_b, glass_columns_b
D:3:      layout_loops_cross, nicolae_ru_sacrificial_ziggurat,
          gammafunk_ghost_nasty_kobolds

Skill      XL: |  1  2  3  4  5 |
---------------+----------------+-----
Long Blades    | 2 4 5 |  5.2
Fighting       | |  4.0
Bows           | |  1.0
Throwing       | |  1.0
Armour         | |  2.0
Stealth        | |  1.0

Action                   |  1- 3 |  4- 6 || total
-------------------------+-------+-------++-------
Melee: Falchion          |    88 |   124 ||   212
  Eat: Chunk             |     2 |     5 ||     7
Armor: Ring mail         |    52 |    56 ||   108
Dodge: Dodged            |    57 |    68 ||   125
       Rpst.: Falchion   |    15 |    20 ||    35

Table legend:
 A = Non-vault XP
 B = Vault XP
 C = Vault XP percentage of total XP
 D = Non-vault monster count
 E = Vault monster count
 F = Vault count percentage of total count
                 A         B        C        D         E       F
            +---------+---------+-------+---------+---------+-------
      Total |     243 |       7 |   2.8 |      64 |       4 |   5.9
            +---------+---------+-------+---------+---------+-------
        D:1 |      41 |       7 |  14.6 |      25 |       4 |  13.8
        D:2 |      82 |       0 |   0.0 |      17 |       0 |   0.0
        D:3 |     120 |       0 |   0.0 |      22 |       0 |   0.0
            +---------+---------+-------+---------+---------+-------
